 Dungeon Crawl Stone Soup version 0.29.1-2-gbd0b4ee654 (webtiles) character file.

Game seed: 4169145324157891982

340 GorkyZ the Ruffian (level 6, -3/50 HPs)
             Began as a Draconian Transmuter on Nov 23, 2022.
             Slain by a gnoll bouda
             ... wielding a +0 whip
              (6 damage)
             ... on level 4 of the Dungeon.
             The game lasted 00:17:42 (4948 turns).

GorkyZ the Ruffian (Draconian Transmuter)           Turns: 4948, Time: 00:17:44

Health: -3/50      AC: 10    Str: 15    XL:     6   Next: 30%
Magic:  18/19      EV: 12    Int: 13    God:
Gold:   167        SH:  0    Dex: 11    Spells: 6/11 levels left

rFire   . . .      SeeInvis .     - Unarmed
rCold   . . .      Faith    .   (no shield)
rNeg    . . .      Spirit   .   (body armour unavailable)
rPois   .          Reflect  .   (helmet currently unavailable)
rElec   .          Harm     .   (no cloak)
rCorr   .          Rampage  .   (no gloves)
Will    .....                   (boots currently unavailable)
Stlth   +.........              (no amulet)
HPRegen 0.16/turn               d - +4 ring of protection
MPRegen 0.16/turn               e - ring of magical power

@: appendages, weakened, wereblooded
A: horns 2, talons 2, AC +6, unfitting armour, cold-blooded
a: End Transformation


You were on level 4 of the Dungeon.
You had temporarily grown beastly horns and talons.
You visited 1 branch of the dungeon, and saw 4 of its levels.

You collected 271 gold pieces.
You spent 104 gold pieces at shops.

Inventory:

Hand Weapons
 i - a +4 mace
Missiles
 c - 12 poisoned darts
Jewellery
 d - a +4 ring of protection (left hand)
 e - a ring of magical power (right hand)
 g - a ring of willpower
 u - a ring of fire
 w - a ring of wizardry
 z - a +4 ring of protection
Scrolls
 j - a scroll of vulnerability {unknown}
 k - 2 scrolls of noise {unknown}
 l - 2 scrolls of amnesia {unknown}
 m - 2 scrolls of fear {unknown}
 n - a scroll of butterflies {unknown}
 p - a scroll of immolation {unknown}
 r - a scroll of enchant armour {unknown}
 y - 3 scrolls of torment {unknown}
 A - a scroll of teleportation {unknown}
Potions
 a - a potion of lignification
 f - a potion of attraction
 h - a potion of degeneration
 o - a potion of resistance
 q - a potion of curing
 s - a potion of mutation
 v - 2 potions of cancellation
 x - a potion of flight
 B - a potion of brilliance


   Skills:
 + Level 2.9 Fighting
 + Level 2.1 Throwing
 + Level 3.0 Dodging
 + Level 3.7 Unarmed Combat
 + Level 3.1 Spellcasting
 + Level 3.3 Transmutations


You had 6 spell levels left.
You knew the following spells:

 Your Spells              Type           Power      Damage    Failure   Level
a - Beastly Appendage     Tmut           20%        N/A       6%          1
b - Wereblood             Tmut           10%        N/A       9%          2
c - Passwall              Tmut/Erth      5%         N/A       17%         2

Your spell library contained the following spells:

 Spells                   Type           Power      Damage    Failure   Level
 Magic Dart               Conj           8%         1d3       22%         1
 Shock                    Conj/Air       8%         1d3       22%         1
 Call Imp                 Summ           2%         N/A       34%         2
 Ensorcelled Hibernation  Hex/Ice        4%         N/A       34%         2
 Spider Form              Tmut/Pois      6%         N/A       34%         3
 Mephitic Cloud           Conj/Pois/Air  2%         N/A       56%         3
 Swiftness                Air            2%         N/A       56%         3
 Ice Form                 Ice/Tmut       6%         N/A       75%         4
 Blade Hands              Tmut           5%         N/A       85%         5
 Airstrike                Air            1%         2d(1-17)  92%         4
 Iron Shot                Conj/Erth      1%         9d1       100%        6
 Animate Armour           Summ/Erth      Unusable   N/A       N/A         4

Dungeon Overview and Level Annotations

Branches:
Dungeon (4/15)
 Temple: D:4-7

Altars:
Ashenzari
Cheibriados
Elyvilon
Vehumet
Xom
Yredelemnul

Shops:
D:2 !

Annotations:
D:4 1 transporter


Innate Abilities, Weirdness & Mutations

You have temporarily grown beastly horns and talons.
Your plain brown scales are hard. (AC +6)
You cannot fit into any form of body armour.
You are cold-blooded and may be slowed by cold attacks.


Message History

The bullfrog hits you.
* * * LOW HITPOINT WARNING * * *
You feel much better. The bullfrog hits you. The black bear closely misses you.
The black bear claws you but does no damage. x2
The gnoll bouda hits you with a +0 whip.
* * * LOW HITPOINT WARNING * * *
Okay, then.
You hit the bullfrog. You headbutt the bullfrog.
The bullfrog is almost dead.
The bullfrog barely misses you. The black bear bites you.
* * * LOW HITPOINT WARNING * * *
The black bear barely misses you. x2
The gnoll bouda gazes fiercely through you!
You feel as though you will be weak longer.
The gnoll bouda closely misses you.
The bullfrog hits you but does no damage.
You closely miss the bullfrog. Your headbutt misses the bullfrog.
You tail-slap the bullfrog, but do no damage.
The bullfrog is almost dead.
The bullfrog closely misses you. The black bear bites you.
* * * LOW HITPOINT WARNING * * *
The black bear claws you but does no damage.
The black bear closely misses you.
The gnoll bouda hits you but does no damage.
You closely miss the bullfrog.
The bullfrog is almost dead.
The bullfrog hits you but does no damage.
The black bear closely misses you.
The black bear claws you but does no damage.
The black bear barely misses you.
The gnoll bouda hits you with a +0 whip.
* * * LOW HITPOINT WARNING * * *
The bullfrog hits you but does no damage.
You hit the bullfrog.
You feel a bit better.
You kill the bullfrog!
The black bear bites you.
* * * LOW HITPOINT WARNING * * *
The black bear barely misses you. x2
The gnoll bouda hits you with a +0 whip.
You die...

#.# .## #.#### #.#
#.#########....# ##
#.###...........##.# #.
......#########..#.#
##.#########.##...©...##.#.#
#........# #.#8.#...#.8#.#.#
#.)#####.###.#...#.#.($#.#.#
#.. #.....#.h.....}_#...#
#.. ###..©#..@....$_#©..#
#.. ##..#.g.....$_#..## #..
##.#...#.#.[$#.## ...
#.#8.#...#.8#.# ##.
#######.##.......##.#
.........#########..#
########...........##
#############


You could see a black bear and a gnoll bouda.

Vanquished Creatures
  A kobold brigand (D:3)
  A bullfrog (D:4)
  A hound (D:4)
  An orc priest (D:4)
  An iguana (D:4)
  A hound zombie (D:3)
  Robin (D:4)
  4 adders
  An adder zombie (D:3)
  2 worms
  2 dart slugs
  8 orcs
  6 ball pythons
  4 bats
  7 endoplasms
  3 giant cockroaches
  14 goblins
  7 hobgoblins
  7 jackals
  19 kobolds
  4 quokkas
  A ball python zombie (D:3)
  2 frilled lizards
  5 rats
103 creatures vanquished.

Notes
Turn   | Place    | Note
-------+----------+-------------------------------------------
     0 | D:1      | GorkyZ the Draconian Transmuter began the quest for the
                  | Orb.
     0 | D:1      | Reached XP level 1. HP: 16/16 MP: 3/3
   476 | D:1      | Reached XP level 2. HP: 23/23 MP: 5/5
  1006 | D:1      | Reached XP level 3. HP: 26/29 MP: 6/6
  1674 | D:2      | Identified the +5 ring mail "Qaunuss" {Regen+ rCorr}
  1756 | D:2      | Reached skill level 1 in Throwing
  2027 | D:2      | Reached XP level 4. HP: 20/36 MP: 7/7
  2156 | D:2      | Learned a level 2 spell: Wereblood
  2163 | D:2      | Identified the +5 plate armour of a bazaar {Harm rC- Regen+
                  | rCorr}
  2208 | D:2      | Found Otoclixu's Distillery.
  2211 | D:2      | Bought a potion of curing for 39 gold pieces
  2211 | D:2      | Bought a potion of heal wounds for 65 gold pieces
  2460 | D:2      | Found a faded altar of an unknown god.
  2749 | D:3      | Found a broken altar of Ashenzari.
  2763 | D:3      | Noticed a kobold brigand
  2907 | D:3      | Killed a kobold brigand
  2908 | D:3      | Reached XP level 5. HP: 15/42 MP: 9/9
  3387 | D:3      | Found a basalt altar of Yredelemnul.
  4055 | D:4      | Reached XP level 6. HP: 26/50 MP: 10/10
  4263 | D:4      | Noticed Robin
  4326 | D:4      | Killed Robin
  4590 | D:4      | Learned a level 2 spell: Passwall
  4772 | D:4      | Found a snail-covered altar of Cheibriados.
  4863 | D:4      | Found a white marble altar of Elyvilon.
  4864 | D:4      | Found a transporter.
  4864 | D:4      | Found a radiant altar of Vehumet.
  4865 | D:4      | Found a shimmering altar of Xom.
  4885 | D:4      | Found a transporter.
  4948 | D:4      | Slain by a gnoll bouda

Illustrated notes

Levels and vault maps discovered:
D:1:      dpeg_arrival_windows_large_door, layout_basic,
          serial_co_window_serial, co_window_corner_a, co_window_paths_a,
          co_window_corner_a, co_window_paths_a, co_window_cross_1,
          co_window_broadway_b, co_window_unsneaky_path_d,
          co_window_unsneaky_path_c, co_window_broadway_c,
          co_window_unsneaky_path_c, co_window_4corner_a, glass_columns_c,
          glass_columns_c, glass_columns_b, glass_columns_a
D:2:      layout_loops_cross, hellmonk_ecumenical_altar_slurped_away,
          serial_shops, nicolae_shop_behind_doors, minmay_small_reverse_x
D:3:      cheibrodos_thug_alley, layout_loops_cross,
          mainiacjoe_overflow_surrounded_room, nicolae_yredelemnul_corpse_copse
D:4:      layout_loops_ring, mainiacjoe_overflow_alcove_4, slow_altar_2,
          gammafunk_temple_overflow_arena, uniq_robin

Skill      XL: |  1  2  3  4  5  6 |
---------------+-------------------+-----
Dodging        | 2 3 |  3.0
Fighting       | 2 |  2.9
Throwing       | 1 2 |  2.1
Transmutations | 3 |  3.3
Spellcasting   | 3 |  3.1
Unarmed Combat | |  3.7

Action                   |  1- 3 |  4- 6 || total
-------------------------+-------+-------++-------
Melee: Unarmed           |    71 |   161 ||   232
       Tailslap          |    10 |    32 ||    42
       Punch             |     3 |     5 ||     8
       Mace              |    53 |    91 ||   144
       Kick              |     3 |    12 ||    15
       Headbutt          |     2 |     9 ||    11
 Cast: Beastly Appendage |     3 |     6 ||     9
       Wereblood         |       |     3 ||     3
  Use: Scroll            |       |     7 ||     7
       Potion            |       |     2 ||     2
 Stab: Sleeping          |     1 |       ||     1
Armor: Skin              |    66 |   140 ||   206
Dodge: Dodged            |    78 |   226 ||   304
